 Dungeon Crawl Stone Soup version 0.23.2-11-gf996548c65 (webtiles) character file.

Game seed: 1231842854823193505

259 redwoodhats the Caller (level 5, -10/21 HPs)
             Began as a Felid Summoner on June 1, 2019.
             Mangled by a small abomination (20 damage)
             ... summoned by miscasting Summon Lightning Spire
             ... on level 5 of the Dungeon on June 4, 2019.
             The game lasted 00:44:10 (6562 turns).

redwoodhats the Caller (Felid Summoner)             Turns: 6562, Time: 00:44:12

Health: -10/21     AC:  1    Str:  4    XL:     5   Next: 95%
Magic:  4/11       EV: 18    Int: 17    God:
Gold:   344        SH:  0    Dex: 17    Spells: 0/11 levels left
                                        Lives:  0   Deaths: 1

rFire    . . .     SeeInvis +     - Unarmed
rCold    . . .     Gourm    .   (shield unavailable)
rNeg     . . .     Faith    .   (armour unavailable)
rPois    +         Spirit   .   (helmet unavailable)
rElec    .         Reflect  .   (cloak unavailable)
rCorr    .         Harm     .   (gloves unavailable)
MR       .....                  (boots unavailable)
Stlth    ++++......             (no amulet)
HPRegen  0.07/turn              d - ring of stealth
MPRegen  0.12/turn              l - ring of poison resistance

@: very slightly contaminated, quick
A: very small, no armour, no weapons or thrown items, stealth, claws 1, fangs 3,
see invisible, carnivore, speed 1, shaggy fur 1, slow metabolism 1, sharp paws
a: no special abilities


You were on level 5 of the Dungeon.
You were not hungry.

You visited 1 branch of the dungeon, and saw 5 of its levels.

You collected 344 gold pieces.

Inventory:

Magical Staves
 j - an uncursed staff of power {unknown}
Jewellery
 c - an uncursed amulet of the gourmand {unknown}
 d - a ring of stealth (left paw)
 h - a cursed -3 ring of dexterity
 i - an uncursed ring of flight
 l - a ring of poison resistance (right paw)
Scrolls
 a - 3 scrolls of identify
 e - a scroll of remove curse
 k - 2 scrolls of enchant armour
Comestibles
 b - 5 rations


   Skills:
 + Level 0.1 Fighting
 + Level 3.1 Dodging
 + Level 3.2 Stealth
 + Level 1.3 Unarmed Combat
 + Level 3.7 Spellcasting
 + Level 6.0 Summonings
 + Level 0.1 Air Magic


You couldn't memorise any spells.
You knew the following spells:

 Your Spells              Type           Power        Failure   Level  Hunger
a - Summon Small Mammal   Summ           ###.         1%          1    None
b - Summon Lightning Spi  Summ/Air       ##......     41%         4    ####...
c - Call Canine Familiar  Summ           ###.....     4%          3    ###....
d - Summon Guardian Gole  Hex/Summ       ##......     14%         3    ###....

Your spell library contained the following spells:

 Spells                   Type           Power        Failure   Level  Hunger
 Call Imp                 Summ           ###.....     1%          2    ##.....
 Animate Skeleton         Necr           N/A          16%         1    None
 Apportation              Tloc           #.....       16%         1    None
 Confusing Touch          Hex            #.....       16%         1    None
 Corona                   Hex            #......      16%         1    None
 Ensorcelled Hibernation  Hex/Ice        #.....       24%         2    ##.....
 Confuse                  Hex            #.......     43%         3    ###....
 Dazzling Spray           Conj/Hex       #.....       43%         3    ###....
 Tukima's Dance           Hex            #.......     43%         3    ###....
 Summon Ice Beast         Ice/Summ       ##......     43%         4    ####...


Dungeon Overview and Level Annotations

Branches:
Dungeon (5/15)
 Temple: D:4-7

Altars:
Elyvilon
Kikubaaqudgha
Okawaru
Ru

Annotations:
D:5 DKeggars's ghost, amateur MiBe


Innate Abilities, Weirdness & Mutations

You cannot wear armour.
You are incapable of wielding weapons or throwing items.
Your paws allow you to move quietly. (Stealth)
You have sharp claws.
You have razor-sharp teeth.
You have supernaturally acute eyesight. (SInv)
You are carnivorous and can eat meat at any time.
You cover ground quickly.
You are covered in fur. (AC +1)
You have a slow metabolism.
Your sharp claws are effective at attacking unaware monsters.


Message History

DKeggars's ghost turns its malevolent gaze towards you.
Casting: Call Canine Familiar (safe; 4% risk of failure)
Confirm with . or Enter, or press ? or * to list all spells.
Aiming: Summon Lightning Spire (quite dangerous; 41% risk of failure)
Press: ? - help, Dir - move target cursor You miscast Summon Lightning Spire.
You are very lightly contaminated with residual magic.
A chorus of moans calls out to you!
Your hound barely misses DKeggars's ghost.
As you read the scroll labeled FYNUCV HAPHO, it crumbles to dust.
You hear a burbling brook.
It was a scroll of random uselessness.
Your hound bites DKeggars's ghost.
The small abomination misses you. The small abomination hits you!!
Ouch! That really hurt!
* * * LOW HITPOINT WARNING * * *
You feel better.
Your hound barely misses DKeggars's ghost.
The small abomination hits you!!
Ouch! That really hurt!
You die...

#.# #.#
############# #.#
#.# #<..........#
#.# #.#
###########.###.#
#.# # #.....#
#.#####'## #..####
#......... #..#
##........
#..########........
#....x@xx.Wh.......
#.######...........
#.# #..........#
#.# ##'#.......#
#.# #.#.......# #.#
#.#.......# #####.#
#.#########≈≈≈#
#.....#
#........##≈$≈#
#.....#
########.##≈≈≈#


You could see 3 small abominations, DKeggars's ghost and a friendly hound.

Vanquished Creatures
  A gnoll (D:5)
  2 adders
  A leopard gecko (D:3)
  2 giant cockroaches (D:4)
  4 goblins
  2 hobgoblins (D:4)
  3 jackals
  4 kobolds
  3 bats
  A frilled lizard (D:2)
  A quokka skeleton (D:5)
  A rat (D:2)
25 creatures vanquished.

Vanquished Creatures (collateral kills)
  A phantom (D:4)
  A scorpion (D:4)
  2 orc wizards (D:4)
  2 iguanas
  A worker ant (D:4)
  6 adders
  4 gnolls
  5 worms
  A dart slug (D:2)
  6 leopard geckos
  2 orcs (D:4)
  2 giant cockroaches
  4 hobgoblins
  15 jackals
  7 kobolds
  A quokka (D:4)
  6 bats
  2 frilled lizards
  4 goblins
  7 rats
79 creatures vanquished.

Grand Total: 104 creatures vanquished

Notes
Turn   | Place    | Note
-------+----------+-------------------------------------------
     0 | D:1      | redwoodhats the Felid Summoner began the quest for the Orb.
     0 | D:1      | Reached XP level 1. HP: 7/7 MP: 4/4
   214 | D:1      | Reached XP level 2. HP: 5/11 MP: 6/6
  1308 | D:2      | Reached XP level 3. HP: 8/14 MP: 7/7
  2120 | D:2      | Found a sacrificial altar of Ru.
  2515 | D:2      | Reached XP level 4. HP: 18/18 MP: 4/8
  2589 | D:2      | Learned a level 4 spell: Summon Lightning Spire
  2788 | D:3      | Slain by a worm
  2789 | D:3      | Reached XP level 3. HP: -2/14 MP: 2/8
  2926 | D:3      | Upgraded the game from 0.23.2-1-ga50397a to
                  | 0.23.2-11-gf996548c65
  3720 | D:3      | Reached skill level 5 in Summonings
  3966 | D:4      | Found a white marble altar of Elyvilon.
  4203 | D:4      | Reached XP level 4. HP: 18/18 MP: 2/9
  4620 | D:4      | Noticed a phantom
  5046 | D:4      | Reached XP level 5. HP: 12/21 MP: 4/10
  5349 | D:4      | Found an iron altar of Okawaru.
  5370 | D:4      | Killed a phantom
  5370 | D:4      | Reached skill level 6 in Summonings
  5531 | D:4      | Reached skill level 1 in Unarmed Combat
  5674 | D:4      | Learned a level 3 spell: Call Canine Familiar
  5678 | D:4      | Learned a level 3 spell: Summon Guardian Golem
  5679 | D:5      | Entered Level 5 of the Dungeon
  5961 | D:5      | Noticed a centaur
  6044 | D:5      | Found an ancient bone altar of Kikubaaqudgha.
  6227 | D:5      | Found a runed translucent door.
  6230 | D:5      | Noticed DKeggars's ghost (amateur MiBe)
  6560 | D:5      | Noticed a small abomination
  6560 | D:5      | Noticed a small abomination
  6562 | D:5      | Mangled by a small abomination

Skill      XL: |  1  2  3  4  5 |
---------------+----------------+-----
Dodging        | 3 |  3.1
Stealth        | 3 |  3.2
Summonings     | 5 6 |  6.0
Spellcasting   | 3 |  3.7
Unarmed Combat | 1 |  1.3
Fighting       | |  0.1
Air Magic      | |  0.1

Action                   |  1- 3 |  4- 6 || total
-------------------------+-------+-------++-------
Melee: Unarmed           |    76 |   103 ||   179
       Bite              |     7 |     8 ||    15
 Cast: Summon Small Mamm |   122 |    89 ||   211
       Summon Lightning  |     1 |     3 ||     4
       Call Canine Famil |       |     9 ||     9
       Summon Guardian G |       |     1 ||     1
 Abil: Evoke Flight      |     1 |     1 ||     2
  Use: Scroll            |     5 |     3 ||     8
       Potion            |     2 |    11 ||    13
 Stab: Sleeping          |     6 |     1 ||     7
       Distracted        |       |     1 ||     1
  Eat: Ration            |     2 |     4 ||     6
Armor: Skin              |     8 |     8 ||    16
Dodge: Dodged            |    88 |   139 ||   227
